Map: Apotheosis LE

Players

Nickos - Winner!

  • Race: Terran Terran
  • League: Gold

Trickster

  • Race: Terran Terran
  • League: Gold

VOD

Have the link to the VOD?

Description

Time

  • Played on: Oct. 2, 2016, 6:05 a.m.
  • Length: 7:40
Show
View Real Time Build Order
Export as new Build Order

Nickos Terran - Winner!

Build Orders: MMM Bio 

Get SALT Encoding   

  12  0:01  SCV  
  13  0:13  SCV  
  14  0:17  Supply Depot  
  14  0:25  SCV  
  15  0:39  SCV  
  15  0:40  Barracks  
  16  0:51  SCV  
  17  1:03  SCV  
  18  1:15  SCV  
  19  1:24  Command Center  
  19  1:31  Orbital Command  
  19  1:34  Marine  
  20  1:48  Supply Depot  
  20  1:53  Barracks  
  20  1:58  Marine  
  21  2:04  SCV  
  22  2:10  Barracks  
  22  2:15  Marine  
  22  2:21  Refinery  
  22  2:22  Refinery  
  23  2:24  SCV  
  24  2:36  Orbital Command  
  24  2:39  Marine  
  25  2:47  Marine  
  26  2:52  SCV  
  26  2:57  Barracks Tech Lab, Marine  
  28  3:04  SCV x2  
  30  3:12  Marine  
  30  3:16  SCV, Stimpack  
  30  3:18  Marine x2  
  34  3:29  SCV x2  
  34  3:31  Factory  
  36  3:34  Marine  
  36  3:36  Marine  
  36  3:41  Marine, SCV x2  
  40  3:44  Supply Depot  
  41  3:53  SCV x2  
  44  3:57  Barracks Reactor  
  44  3:59  Barracks Reactor  
  43  4:05  SCV x2  
  43  4:09  Supply Depot  
  45  4:10  Marine  
  45  4:16  Starport  
  46  4:17  Factory Reactor  
  46  4:20  SCV  
  46  4:21  SCV  
  48  4:28  Marine  
  49  4:32  SCV  
  49  4:33  Supply Depot, SCV  
  49  4:35  Marine x4  
  55  4:44  Bunker  
  55  4:45  SCV x2  
  57  4:46  Marine  
  57  4:47  Bunker  
  58  4:52  Marine  
  58  4:53  Marine  
  58  4:57  SCV x2  
  62  5:00  Marine  
  62  5:01  Marine  
  62  5:04  Marine  
  65  5:09  SCV x2  
  65  5:14  Engineering Bay x2  
  67  5:17  Supply Depot, Marine x2  
  67  5:18  Marine  
  70  5:26  Combat Shields  
  70  5:39  Medivac x2, SCV x2, Marine x2  
  70  5:40  Supply Depot  
  77  5:43  Marine  
  78  5:51  Supply Depot  
  78  5:53  Supply Depot  
  78  6:02  SCV x2, Marine x5  
  85  6:14  Command Center, SCV x2  
  85  6:15  Medivac  
  89  6:19  Marine x2  
  89  6:20  Supply Depot  
  89  6:24  Supply Depot  
  90  6:38  Marine x4  
  90  6:39  Widow Mine, Marine  
  87  6:48  SCV x2  
  87  6:49  Medivac  
  87  6:53  Supply Depot  
  91  6:54  Concussive Shells  
  91  7:00  SCV  
  92  7:01  Barracks  
  92  7:02  Barracks  
  92  7:03  Marine, SCV  
  92  7:04  Marine  
  92  7:07  Widow Mine  
  97  7:12  SCV  
  97  7:15  SCV  
  98  7:17  Marine x3  
  98  7:21  Marine  
  94  7:24  SCV  
Show
View Real Time Build Order
Export as new Build Order

Trickster Terran 

Build Orders:  

Get SALT Encoding   

  12  0:01  SCV  
  13  0:13  SCV  
  14  0:24  Supply Depot  
  14  0:25  SCV  
  15  0:46  SCV  
  15  0:47  Barracks  
  16  0:52  Refinery  
  16  0:58  SCV  
  17  1:08  Refinery  
  17  1:10  SCV  
  18  1:22  SCV  
  19  1:36  Marine  
  20  1:44  Orbital Command  
  20  1:53  Factory  
  20  1:54  Marine  
  21  2:12  Marine  
  22  2:27  Barracks  
  22  2:30  Marine  
  22  2:33  Supply Depot  
  22  2:36  Factory Tech Lab  
  23  2:54  SCV, Marine  
  23  2:56  Supply Depot  
  25  2:59  Siege Tank  
  27  3:06  SCV  
  27  3:12  Marine  
  29  3:18  SCV  
  30  3:30  Marine  
  30  3:31  Siege Tank, SCV  
  35  3:40  Engineering Bay  
  35  3:43  SCV  
  35  3:44  Marine  
  35  3:47  Marine  
  38  3:49  Supply Depot  
  38  3:55  SCV  
  39  4:05  Starport  
  39  4:11  SCV  
  39  4:12  Terran Infantry Weapons Level 1, Supply Depot  
  41  4:17  Barracks Reactor  
  40  4:30  Barracks Tech Lab  
  40  4:44  Supply Depot  
  40  5:03  Medivac x2  
  40  5:04  Barracks Reactor  
  44  5:50  Marine x3  
  47  6:01  Siege Tank  
  50  6:08  Marine x3  
  53  6:25  Marine  
  53  6:26  Marine  
  55  6:33  Siege Tank  
  37  7:05  Siege Tank  
  40  7:09  Command Center  
  44  7:17  Marine x3  
Tags
 
Composition
MMM Bio
League
GoldGold
Matchup
TvT
Race
Terran
Replay Pack
Nickos replay
Add a new tag
Caveats
  • Supply blocks, unpowered buildings, or Contaminate may cause inaccurate times.
  • Supply counts are checked every 10 seconds.